 Dungeon Crawl Stone Soup version 0.28.0-53-g5a82cb258f (webtiles) character file.

Game seed: 891229675178437433

86 mcbry74 the Chopper (level 4, 37/37 HPs)
             Began as a Minotaur Gladiator on June 26, 2022.
             Quit the game on level 2 of the Dungeon.
             The game lasted 00:04:58 (2055 turns).

mcbry74 the Chopper (Minotaur Gladiator)            Turns: 2055, Time: 00:04:59

Health: 37/37      AC:  3    Str: 21    XL:     4   Next: 26%
Magic:  3/3        EV: 12    Int:  5    God:
Gold:   83         SH:  0    Dex: 11    Spells: 3/3 levels left

rFire   . . .      SeeInvis .   a - +0 war axe
rCold   . . .      Faith    .   (no shield)
rNeg    . . .      Spirit   .   b - +0 leather armour
rPois   .          Reflect  .   c - +0 hat
rElec   .          Harm     .   (no cloak)
rCorr   .          Rampage  .   (no gloves)
Will    .....                   (no boots)
Stlth   +.........              (no amulet)
HPRegen 0.12/turn               (no ring)
MPRegen 0.08/turn               (no ring)

@: no status effects
A: horns 2, retaliatory headbutt
a: no special abilities


You were on level 2 of the Dungeon.
You visited 1 branch of the dungeon, and saw 2 of its levels.

You collected 109 gold pieces.
You spent 26 gold pieces at shops.

Inventory:

Hand Weapons
 a - a +0 war axe (weapon)
Missiles
 d - 3 throwing nets (quivered)
 k - 30 arrows
Armour
 b - a +0 leather armour (worn)
 c - a +0 hat (worn)
Magical Staves
 h - a staff of poison
Scrolls
 i - a scroll of summoning
 j - a scroll of amnesia {unknown}
 m - 2 scrolls of immolation {unknown}
 o - a scroll of noise {unknown}
Potions
 e - a potion of flight {unknown}
 f - a potion of might
 g - a potion of haste {unknown}
 l - a potion of mutation {unknown}
 n - a potion of resistance {unknown}


   Skills:
 - Level 2.4 Fighting
 + Level 4.3(4.7) Axes
 + Level 1.8(3.3) Maces & Flails
 + Level 1.8(3.3) Polearms
 - Level 2.0 Throwing
 + Level 1.9 Armour
 + Level 3.8 Dodging


You had 3 spell levels left.
You didn't know any spells.
Your spell library was empty.

Dungeon Overview and Level Annotations

Branches:
Dungeon (2/15)

Altars:

Shops:
D:1 =??:


Innate Abilities, Weirdness & Mutations

You have a pair of horns on your head.
You reflexively headbutt those who attack you in melee.


Message History

Found a stone staircase leading down.
n - a black potion
Found a stone staircase leading down.
There is a stone staircase leading down here.
A kobold comes into view. It is wielding a +0 dagger.
An iguana comes into view.
The iguana hisses angrily.
Found a stone staircase leading up.
The iguana bites you but does no damage.
You barely miss the iguana. You closely miss the kobold.
The kobold closely misses you.
The iguana bites you but does no damage.
The kobold barely misses you. You furiously retaliate!
You headbutt the kobold!
You kill the kobold!
The iguana bites you.
You barely miss the iguana. Your headbutt misses the iguana.
The iguana barely misses you. You furiously retaliate!
You headbutt the iguana. You hit the iguana. Your headbutt misses the iguana.
The iguana is moderately wounded.
The iguana bites you!
You completely miss the iguana. You headbutt the iguana.
The iguana is heavily wounded.
The iguana barely misses you.
You slash the iguana!
The iguana is almost dead.
The iguana completely misses you. You furiously retaliate!
You headbutt the iguana.
You kill the iguana!
You have reached level 4!
You feel stronger.
You start resting.
HP restored.
Things that are here:
a +0 dagger; 3 stones
o - a scroll labelled GUEN IMAOFRUJ You now have 83 gold pieces (gained 10).
A scorpion comes into view.
Sorry, you're not good enough to have a special ability.
Unknown command.
Are you sure you want to abandon this character and quit the game? (Confirm with "yes".)

# ##.##
#..##### #.# #
#.# #......#
#.# #.#
##.###.# #.#
#+# #.# #.# #.#
#.###.###.#
#.........#
##.###.#####
####...##.#
+....s.@#.#####
####..........#
#.....##.###.#
#.###. #.# # ..
..# ##+# ##.
### ##..# #.
##...## #.
#.....#####


You could see a scorpion.

Vanquished Creatures
  An iguana (D:2)
  2 adders (D:2)
  6 bats
  7 endoplasms (D:1)
  A goblin (D:1)
  4 hobgoblins (D:1)
  4 jackals (D:1)
  2 quokkas (D:1)
  4 ball pythons
  2 frilled lizards (D:1)
  2 kobolds
  3 rats
38 creatures vanquished.

Vanquished Creatures (others)
  A plant (D:1)
1 creature vanquished.

Grand Total: 39 creatures vanquished

Notes
Turn   | Place    | Note
-------+----------+-------------------------------------------
     0 | D:1      | mcbry74 the Minotaur Gladiator began the quest for the Orb.
     0 | D:1      | Reached XP level 1. HP: 18/18 MP: 0/0
   356 | D:1      | Found Buesm's Book Emporium.
   363 | D:1      | Reached XP level 2. HP: 19/25 MP: 1/1
   738 | D:1      | Reached skill level 1 in Maces & Flails
   793 | D:1      | Reached skill level 1 in Polearms
   793 | D:1      | Reached skill level 1 in Armour
   798 | D:1      | Found a faded altar of an unknown god.
   817 | D:1      | Reached skill level 4 in Axes
   820 | D:1      | Reached XP level 3. HP: 22/30 MP: 2/2
   910 | D:1      | Found Lunylon's Magic Scroll Shoppe.
   918 | D:1      | Bought a scroll of identify for 26 gold pieces
  1000 | D:1      | Found Ibre's Jewellery Shoppe.
  1132 | D:1      | Found Erekuux's Magic Scroll Shoppe.
  1898 | D:2      | Reached XP level 4. HP: 25/37 MP: 3/3
  2052 | D:2      | Noticed a scorpion
  2055 | D:2      | Quit the game

Illustrated notes

Levels and vault maps discovered:
D:1:      dpeg_arrival_boxorama, layout_loops_ring,
          shapermc_ecumenical_altar_mp_ritualfount, serial_shops, shop,
          nicolae_shop_advertising_works [nicolae_subvault_shop_adworks], shop,
          shop, chequers_garden
D:2:      layout_loops_corners, uniq_robin

Skill      XL: |  1  2 |
---------------+-------+-----
Maces & Flails | 1 |  1.8
Polearms       | 1 |  1.8
Armour         | 1 |  1.9
Axes           | 4 |  4.3
Fighting       | |  2.4
Throwing       | |  2.0
Dodging        | |  3.8

Action                   |  1- 3 |  4- 6 || total
-------------------------+-------+-------++-------
Melee: War axe           |    80 |       ||    80
       Headbutt          |     9 |       ||     9
  Use: Scroll            |     2 |       ||     2
Armor: Leather armour    |    27 |       ||    27
Dodge: Dodged            |    59 |       ||    59
